AoeStats
← NightmarysCZE

Pilgrims

509176420Analyzed
4v4 RM · 7d ago on Sep 25, 2026· 48m 2s· 8 players
Game mode
Random Map
Map size
Large (8 player)
Population
200
Speed
Normal
Resources
Standard
Victory
Conquest
Starting age
Dark Age
Ending age
Imperial Age
RankedLock teamsTeams togetherTeam positionsShared explorationLock speedFull tech treeHidden civsTurbo modeCheats
Victory
Defeat
🇪🇨 Maya · Ecuador
999
+15
🇨🇿 Koreans · Czechia
989
+15
🇳🇱 Bengalis · Netherlands
954
+17
🇪🇸 Goths · Spain
948
+17
🇲🇽 Bulgarians · Mexico
1038
-19
🇺🇸 Magyars · United States
959
-15
🇳🇮 Tatars · Nicaragua
953
-15
🇨🇦 Aztecs · Canada
952
-15
NightmarysCZE
13:22 Feudal Age
13:06 Loom
19:15 Town Watch
22:16 Castle Age
21:30 Double-Bit Axe
28:20 Man-at-Arms
28:45 Arson
29:21 Arson
30:27 Gold Mining
33:16 Scale Barding Armor
35:32 Chain Barding Armor
38:10 Town Patrol
38:54 Wheelbarrow
46:02 Hand Cart
48:17 Imperial Age
prsdntsdghtr
6:50 Loom
12:50 Feudal Age
13:22 Man-at-Arms
23:11 Castle Age
21:43 Double-Bit Axe
23:08 Horse Collar
24:11 Bow Saw
23:39 Long Swordsman
30:40 Fishing Lines
35:32 Wheelbarrow
35:24 Heavy Plow
38:16 Hand Cart
41:48 Gold Mining
46:52 Imperial Age
46:19 Forging
46:15 Scale Barding Armor
46:51 Gold Shaft Mining
46:07 Stone Mining
47:37 Husbandry
47:48 Bloodlines
Loretin
12:49 Feudal Age
18:50 Castle Age
17:47 Wheelbarrow
20:08 Squires
21:58 Forging
21:49 Scale Mail Armor
23:42 Fishing Lines
25:47 Gillnets
29:52 Imperial Age
28:36 Iron Casting
28:18 Chain Mail Armor
32:09 Chemistry
31:29 Anarchy
35:41 Conscription
36:17 Perfusion
38:44 Blast Furnace
37:50 Capped Ram
henry2992
5:34 Loom
12:29 Feudal Age
16:14 Double-Bit Axe
22:36 Castle Age
27:05 Medium Warships
39:17 Imperial Age
40:32 Wheelbarrow
40:57 Conscription
42:40 Elite Skirmisher
46:36 Padded Archer Armor
46:27 Fletching
46:38 Scale Mail Armor
bergiebird
11:26 Feudal Age
10:09 Loom
14:15 Wheelbarrow
13:32 Town Watch
13:49 Double-Bit Axe
17:16 Bloodlines
22:50 Castle Age
24:02 Hand Cart
23:48 Town Patrol
24:05 Bow Saw
24:42 Fletching
24:52 Padded Archer Armor
25:31 Bodkin Arrow
27:35 Stone Mining
27:38 Gold Mining
28:10 Leather Archer Armor
28:25 Fervor
29:12 Husbandry
29:19 Thumb Ring
33:07 Gold Shaft Mining
35:36 Imperial Age
35:03 Ballistics
36:45 Conscription
35:58 Heavy Cavalry Archer
37:04 Parthian Tactics
37:59 Recurve Bow
39:20 Bracer
41:02 Ring Archer Armor
41:36 Chemistry
46:29 Elite Magyar Huszar
47:13 Corvinian Army
47:26 Scale Barding Armor
Legatus
10:06 Feudal Age
10:42 Double-Bit Axe
18:39 Castle Age
23:16 Bow Saw
32:24 Wheelbarrow
37:12 Imperial Age
35:11 Town Watch
mperez
4:20 Loom
12:46 Feudal Age
13:23 Double-Bit Axe
13:20 Horse Collar
15:14 Town Watch
16:38 Fletching
16:49 Padded Archer Armor
18:44 Wheelbarrow
25:25 Castle Age
26:04 Bodkin Arrow
25:49 Elite Skirmisher
29:18 Leather Archer Armor
31:38 Hand Cart
35:03 Scale Mail Armor
35:13 Forging
43:50 Scale Barding Armor
dasorux
14:41 Feudal Age
17:57 Wheelbarrow
17:09 Town Watch
22:25 Castle Age
20:39 Man-at-Arms
23:49 Gambesons
27:09 Double-Bit Axe
29:10 Fletching
30:15 Scale Mail Armor
33:36 Hand Cart
39:40 Imperial Age
38:19 Elite Skirmisher
39:23 Bodkin Arrow
40:06 Squires
39:52 Arson
41:10 Conscription
41:30 Bracer
41:31 Padded Archer Armor
43:38 Pikeman
47:49 Leather Archer Armor
Connection lost

Rejoining the realm…

Still unreachable

The connection could not be restored.

Session expired

The server has moved on; the page needs a fresh start.